 Dungeon Crawl Stone Soup version 0.28.0 (webtiles) character file.

Game seed: 41609946008012540

196 pericles the Digger (level 5, 0/28 HPs)
             Began as a Gargoyle Earth Elementalist on Feb 20, 2022.
             Slain by a killer bee (6 damage)
             ... on level 4 of the Dungeon.
             The game lasted 00:13:03 (3537 turns).

pericles the Digger (Gargoyle Earth Elementalist)   Turns: 3537, Time: 00:13:03

Health: 0/28       AC:  6    Str: 12    XL:     5   Next: 75%
Magic:  5/9        EV: 12    Int: 17    God:
Gold:   115        SH:  0    Dex: 10    Spells: 3/9 levels left

rFire   . . .      SeeInvis .   h - +0 whip
rCold   . . .      Faith    .   (no shield)
rNeg    + . .      Spirit   .   b - +0 robe
rPois   ∞          Reflect  .   (no helmet)
rElec   +          Harm     .   (no cloak)
rCorr   .          Rampage  .   (no gloves)
Will    +....                   (no boots)
Stlth   ++........              (no amulet)
HPRegen 0.09/turn               u - ring of willpower
MPRegen 0.11/turn               (no ring)

@: no status effects
A: sickness immunity, AC +4, negative energy resistance 1, electricity
resistance, torment resistance 1, petrification resistance
a: no special abilities


You were on level 4 of the Dungeon.
You visited 1 branch of the dungeon, and saw 4 of its levels.

You collected 115 gold pieces.

Inventory:

Hand Weapons
 e - a +0 dagger
 h - a +0 whip (weapon)
 i - a +1 hunting sling of freezing
Missiles
 c - 125 stones
 r - 4 poisoned darts
 t - 3 boomerangs (quivered)
Armour
 b - a +0 robe (worn)
 o - a +1 leather armour of fire resistance
Jewellery
 u - a ring of willpower (left hand)
Scrolls
 d - 5 scrolls of identify {unknown}
 f - a scroll of magic mapping {unknown}
 g - a scroll of enchant armour {unknown}
 k - 3 scrolls of vulnerability {unknown}
 p - a scroll of noise {unknown}
 s - a scroll of fear {unknown}
Potions
 a - 2 potions of resistance {unknown}
 j - 2 potions of curing {unknown}
 l - 2 potions of heal wounds {unknown}
 m - a potion of brilliance {unknown}
 n - 2 potions of ambrosia {unknown}
 q - a potion of flight {unknown}


   Skills:
 + Level 0.8 Fighting
 * Level 2.2 Maces & Flails
 + Level 2.0 Dodging
 + Level 2.8 Stealth
 + Level 2.7 Spellcasting
 + Level 0.1 Conjurations
 * Level 1.7 Transmutations
 + Level 4.8 Earth Magic


You had 3 spell levels left.
You knew the following spells:

 Your Spells              Type           Power      Damage    Failure   Level
a - Sandblast             Erth           36%        2d10      2%          1
b - Passwall              Tmut/Erth      10%        N/A       7%          2
c - Stone Arrow           Conj/Erth      20%        3d8       19%         3

Your spell library contained the following spells:

 Spells                   Type           Power      Damage    Failure   Level
 Petrify                  Tmut/Erth      13%        N/A       41%         4
 Freezing Cloud           Conj/Ice/Air   1%         6-21      99%         5
 Simulacrum               Ice/Necr       1%         N/A       100%        6
 Polar Vortex             Ice            1%         N/A       100%        9


Dungeon Overview and Level Annotations

Branches:
Dungeon (4/15)
 Temple: D:4-7

Altars:
Wu Jian


Innate Abilities, Weirdness & Mutations

You are immune to sickness and miasma.
Your stone body is resilient. (AC +4)
You are immune to poison.
You resist negative energy. (rN+)
You are resistant to electric shocks. (rElec)
You are resistant to unholy torment.
You are immune to petrification.


Message History

A killer bee comes into view.
The killer bee buzzes angrily. x2; You hear an angry buzzing noise.
A killer bee comes into view.
A killer bee comes into view.
The killer bee buzzes angrily.
A killer bee comes into view.
The killer bee stings you. x2
Casting: Sandblast (safe; 2% risk of failure)
Confirm with . or Enter, or press ? or * to list all spells.
Aiming: Sandblast (safe; 2% risk of failure)
Press: ? - help, Shift-Dir - straight line, f - killer bee
Aim: a killer bee (58% to hit)
The blast of sand hits the killer bee!
The killer bee is heavily wounded.
c - 127 stones The killer bee buzzes angrily.
The killer bee stings you. The killer bee closely misses you.
Casting: Sandblast (safe; 2% risk of failure)
Confirm with . or Enter, or press ? or * to list all spells.
Aiming: Sandblast (safe; 2% risk of failure)
Press: ? - help, Shift-Dir - straight line, f - killer bee, p - killer bee
Aim: a killer bee (heavily wounded, 58% to hit)
The blast of sand hits the killer bee!
You kill the killer bee!
c - 126 stones The killer bee stings you.
The killer bee closely misses you. The killer bee stings you.
* * * LOW HITPOINT WARNING * * *
The killer bee barely misses you.
Casting: Sandblast (safe; 2% risk of failure)
Confirm with . or Enter, or press ? or * to list all spells.
Aiming: Sandblast (safe; 2% risk of failure)
Press: ? - help, Shift-Dir - straight line, f - killer bee
Aim: a killer bee (58% to hit)
The blast of sand misses the killer bee.
c - 125 stones The killer bee barely misses you.
The killer bee closely misses you.
The killer bee stings you but does no damage.
The killer bee stings you.
You die...

### #.## ...#
##..# ##. #...#
...? #...#
...?.#y@.#
#..yy.#######
.##yy..#.#...#
..............#
y.............##
...##......####
...##.......###
..y......#....##
.......#.#...#


You could see 5 killer bees.

Vanquished Creatures
  A water moccasin skeleton (D:3)
  A killer bee (D:4)
  An adder (D:2)
  A worm (D:3)
  4 dart slugs
  4 orcs
  3 bats
  9 endoplasms
  3 giant cockroaches
  11 goblins
  3 hobgoblins
  5 jackals
  A quokka (D:2)
  3 ball pythons
  3 frilled lizards
  9 kobolds
  7 rats
69 creatures vanquished.

Notes
Turn   | Place    | Note
-------+----------+-------------------------------------------
     0 | D:1      | pericles the Gargoyle Earth Elementalist began the quest
                  | for the Orb.
     0 | D:1      | Reached XP level 1. HP: 10/10 MP: 3/3
   152 | D:1      | Reached skill level 4 in Earth Magic
   152 | D:1      | Reached XP level 2. HP: 12/15 MP: 1/5
   519 | D:1      | Reached skill level 1 in Transmutations
   883 | D:2      | Reached XP level 3. HP: 19/19 MP: 3/6
  1361 | D:2      | Learned a level 2 spell: Passwall
  1365 | D:2      | Learned a level 3 spell: Stone Arrow
  1725 | D:2      | Found an ornate altar of the Wu Jian Council.
  1974 | D:2      | Reached XP level 4. HP: 24/24 MP: 7/7
  2205 | D:3      | Found a faded altar of an unknown god.
  2555 | D:3      | Reached skill level 1 in Maces & Flails
  2917 | D:3      | Reached XP level 5. HP: 22/28 MP: 4/8
  3537 | D:4      | Slain by a killer bee

Illustrated notes

Levels and vault maps discovered:
D:1:      pf_arrival_petrified_forest, layout_basic
D:2:      layout_basic, basic_altar, kennysheep_doodads, chequers_avenue
D:3:      layout_rooms, shapermc_ecumenical_altar_mp_highgroup
D:4:      layout_cave_pools, kennysheep_flooded_box, nicolae_shop_firing_range

Skill      XL: |  1  2  3  4  5 |
---------------+----------------+-----
Earth Magic    | 4 |  4.8
Transmutations | 1 |  1.7
Maces & Flails | 1 2 |  2.2
Dodging        | 2 |  2.0
Fighting       | |  0.8
Stealth        | |  2.8
Spellcasting   | |  2.7
Conjurations   | |  0.1

Action                   |  1- 3 |  4- 6 || total
-------------------------+-------+-------++-------
Melee: Unarmed           |    12 |       ||    12
       Whip              |   111 |    88 ||   199
       Dagger            |     4 |       ||     4
       Punch             |     1 |       ||     1
 Cast: Sandblast         |    24 |    24 ||    48
       Stone Arrow       |       |     3 ||     3
 Stab: Sleeping          |     3 |     3 ||     6
Armor: Robe              |    50 |    33 ||    83
Dodge: Dodged            |    72 |    53 ||   125
